 Dungeon Crawl Stone Soup version 0.20.0-10-g0535bb4 (webtiles) character file.

1570 maniacrov the Spear-Bearer (level 8, -3/62 HPs)
             Began as a Merfolk Gladiator on June 5, 2017.
             Slain by a killer bee (9 damage)
             ... on level 7 of the Dungeon.
             The game lasted 00:25:39 (4853 turns).

maniacrov the Spear-Bearer (Merfolk Gladiator)      Turns: 4853, Time: 00:25:40

Health: -3/62      AC: 10    Str: 15    XL:     8   Next: 90%
Magic:  8/8        EV: 18    Int:  5    God:
Gold:   244        SH:  0    Dex: 17    Spells: 7/7 levels left

rFire    . . .     SeeInvis .   a - +0 trident
rCold    . . .     Gourm    .   (no shield)
rNeg     . . .     Faith    .   b - +0 leather armour
rPois    .         Spirit   .   c - +2 helmet
rElec    .         Reflect  .   (no cloak)
rCorr    +         Harm     .   (no gloves)
MR       +....                  (no boots)
Stlth    ++........             (no amulet)
Regen    0.2/turn               j - ring of stealth
MPRegen  0.2/turn               i - ring of resist corrosion

@: lethally poisoned (-3 -> -14)
A: change form in water, swift swim, stealthy swim, iridescent scales 1, molten
scales 1, blurry vision 1, dopey 1, magic resistance 1, subdued magic 1
a: no special abilities


You were on level 7 of the Dungeon.
You were not hungry.

You visited 1 branch of the dungeon, and saw 7 of its levels.

You collected 361 gold pieces.
You spent 117 gold pieces at shops.

Inventory:

Hand Weapons
 a - a +0 trident (weapon)
Missiles
 d - 3 throwing nets (quivered)
Armour
 b - a +0 leather armour (worn)
 c - a +2 helmet (worn)
Jewellery
 i - a ring of resist corrosion (right hand)
 j - a ring of stealth (left hand)
Wands
 y - a wand of acid (3/15)
Scrolls
 e - 7 scrolls of remove curse
 f - 5 scrolls of teleportation {unknown}
 m - a scroll of identify
 r - 2 scrolls of recharging
 s - 3 scrolls of fear
 t - 3 scrolls of blinking
 w - a scroll of amnesia {unknown}
 z - a scroll of enchant armour
Potions
 g - 3 potions of lignification
 h - 2 potions of degeneration {unknown}
 n - a potion of agility {unknown}
 p - 3 potions of curing
 u - 2 potions of might
 v - a potion of flight {unknown}
 x - a potion of haste {unknown}
 A - a potion of berserk rage {unknown}
Comestibles
 k - 8 fruits
 l - 6 meat rations
 o - a royal jelly
 q - 3 bread rations


   Skills:
 + Level 5.2 Fighting
 + Level 9.7 Polearms
 - Level 4.8 Throwing
 + Level 9.4 Dodging


You had 7 spell levels left.
You didn't know any spells.

Dungeon Overview and Level Annotations

Branches:
Dungeon (7/15)             Temple (0/1) D:6

Altars:
Elyvilon
Gozag
Qazlal
Yredelemnul
Zin

Shops:
D:4 =*[!


Innate Abilities, Weirdness & Mutations

You revert to your normal form in water.
You are very nimble and swift while swimming.
You are very stealthy in the water. (Stealth+)
You are partially covered in iridescent scales. (AC +2)
You are partially covered in molten scales. (AC +2)
Scrolls take you a little longer to read.
You are dopey. (Int -2)
You are resistant to hostile enchantments. (MR+)
Your spells are a little easier to cast, but a little less powerful.


Message History

The killer bee stings you. x2
* * * LOW HITPOINT WARNING * * *
You barely miss the killer bee.
The killer bee is severely wounded.
You feel sick.
The killer bee stings you but does no damage.
The killer bee completely misses you. The killer bee stings you!
* * * LOW HITPOINT WARNING * * *
The killer bee misses you. The killer bee stings you.
* * * LOW HITPOINT WARNING * * *
You are lethally poisoned!
The killer bee poisons you!
Unknown command.
You hit the killer bee.
The killer bee is almost dead.
* * * LOW HITPOINT WARNING * * *
You feel sick. The killer bee completely misses you.
The killer bee stings you but does no damage. x2
The killer bee stings you!
You die...

.. .......# .. . ...
#.....# ..## ...###....#
#.# ..# #........# #.#
.. #......(.# #.# # #
#........######.# #..#
#....yy....# ...## #...
######y#######...###.#.
#####.y@y.....#.........
.......=................
..............##........
#####.........##........
#.........##........
#.........##........
############.######.
#.#...... #...#####


You could see 5 killer bees.

Vanquished Creatures
  A hippogriff (D:5)
  An orc warrior (D:6)
  A black bear (D:7)
  3 phantoms
  2 ogres (D:5)
  A bullfrog (D:7)
  A wyvern skeleton (D:6)
  2 scorpions (D:6)
  A killer bee (D:7)
  A bullfrog zombie (D:7)
  A crimson imp (D:6)
  A hound (D:6)
  An orc priest (D:4)
  A jelly (D:5)
  2 orc wizards (D:4)
  2 iguanas (D:5)
  3 worker ants
  A howler monkey zombie (D:5)
  A worker ant zombie (D:6)
  8 adders
  An ooze (D:1)
  An adder skeleton (D:4)
  5 worms
  2 dart slugs
  A leopard gecko (D:2)
  11 orcs
  5 giant cockroaches
  8 goblins
  7 hobgoblins
  9 jackals
  2 ball pythons (D:2)
  5 bats
  3 frilled lizards
  4 kobolds
  A quokka skeleton (D:6)
  6 rats
106 creatures vanquished.

Notes
Turn   | Place    | Note
-------+----------+-------------------------------------------
     0 | D:1      | maniacrov the Merfolk Gladiator began the quest for the Orb.
     0 | D:1      | Reached XP level 1. HP: 16/16 MP: 1/1
   205 | D:1      | Reached XP level 2. HP: 23/23 MP: 2/2
   724 | D:1      | Reached skill level 5 in Polearms
   824 | D:2      | Reached XP level 3. HP: 28/28 MP: 3/3
  1057 | D:2      | HP: 2/42 [poisoned by an adder]
  1059 | D:2      | Gained mutation: Armour fits poorly on your strangely shaped body. [potion of mutation]
  1059 | D:2      | Gained mutation: Your mind is acute. (Int +2) [potion of mutation]
  1200 | D:2      | Reached XP level 4. HP: 18/34 MP: 4/4
  1207 | D:2      | Lost mutation: Your mind is acute. (Int +2) [potion of mutation]
  1207 | D:2      | Lost mutation: Armour fits poorly on your strangely shaped body. [potion of mutation]
  1207 | D:2      | Gained mutation: You are resistant to hostile enchantments. (MR+) [potion of mutation]
  1207 | D:2      | Gained mutation: Your body sometimes deteriorates upon taking damage. [potion of mutation]
  1207 | D:2      | Gained mutation: You are partially covered in molten scales. (AC +2) [potion of mutation]
  1322 | D:2      | Found a stormy altar of Qazlal.
  1459 | D:3      | Lost mutation: Your body sometimes deteriorates upon taking damage. [potion of mutation]
  1459 | D:3      | Gained mutation: Scrolls take you a little longer to read. [potion of mutation]
  1459 | D:3      | Gained mutation: You are dopey. (Int -2) [potion of mutation]
  1459 | D:3      | Gained mutation: Your spells are a little easier to cast, but a little less powerful. [potion of mutation]
  1459 | D:3      | Gained mutation: You are partially covered in iridescent scales. (AC +2) [potion of mutation]
  1536 | D:3      | Reached skill level 5 in Dodging
  1987 | D:4      | Reached XP level 5. HP: 37/39 MP: 5/5
  2012 | D:4      | Found Pisoxo's Distillery.
  2028 | D:4      | Bought 2 potions of curing for 78 gold pieces
  2028 | D:4      | Bought a potion of curing for 39 gold pieces
  2054 | D:4      | Found an opulent altar of Gozag.
  2133 | D:4      | Found Radurr's Armour Shoppe.
  2331 | D:4      | Found Otoykk's Armour Boutique.
  2353 | D:4      | Noticed a phantom
  2374 | D:4      | Killed a phantom
  2374 | D:4      | Reached XP level 6. HP: 44/47 MP: 6/6
  2619 | D:4      | Found Zin's Purification Station.
  2619 | D:4      | Found a glowing silver altar of Zin.
  2753 | D:4      | Found Dufudec's Jewellery Shoppe.
  2840 | D:5      | Entered Level 5 of the Dungeon
  2885 | D:5      | Noticed a hippogriff
  2904 | D:5      | Killed a hippogriff
  2904 | D:5      | Reached XP level 7. HP: 35/53 MP: 7/7
  3100 | D:5      | Found a basalt altar of Yredelemnul.
  3190 | D:5      | Found a white marble altar of Elyvilon.
  3648 | D:5      | Reached XP level 8. HP: 60/60 MP: 8/8
  4061 | D:6      | Found a staircase to the Ecumenical Temple.
  4593 | D:7      | Reached skill level 5 in Fighting
  4853 | D:7      | Slain by a killer bee

Skill      XL: |  1  2  3  4  5  6  7  8 |
---------------+-------------------------+-----
Polearms       | 5 6 7 8 9 |  9.7
Dodging        | 5 6 8 9 |  9.4
Fighting       | 3 4 5 |  5.2
Throwing       | 3 4 |  4.8

Action                   |  1- 3 |  4- 6 |  7- 9 || total
-------------------------+-------+-------+-------++-------
Melee: Trident           |   130 |   177 |   249 ||   556
       Tailslap          |       |       |     1 ||     1
  Use: Scroll            |     5 |     4 |     2 ||    11
       Potion            |     3 |     2 |     5 ||    10
 Stab: Sleeping          |     3 |     6 |     5 ||    14
  Eat: Bread ration      |     1 |     1 |       ||     2
       Royal jelly       |       |       |     2 ||     2
Armor: Leather armour    |    26 |    51 |    51 ||   128
       Skin              |     4 |       |       ||     4
Dodge: Dodged            |    79 |   114 |   227 ||   420
